 Dungeon Crawl Stone Soup version 0.31.0-11-ge490571c62 (webtiles) character file.

Game seed: 10127072273340441569

1029 gelatine the Ruffian (level 8, -1/74 HPs)
             Began as a Troll Shapeshifter on Jan 28, 2024.
             Engulfed by a cloud of steam (8 damage)
             ... on level 6 of the Dungeon.
             The game lasted 00:08:48 (3715 turns).

gelatine the Ruffian (Troll Shapeshifter)           Turns: 3715, Time: 00:08:48

Health: -1/74      AC:  4    Str: 25    XL:     8   Next: 3%
Magic:  7/7        EV: 10    Int:  6    God:
Gold:   318        SH:  0    Dex:  9    Spells: 7/7 levels left

rFire   . .          .
                       - Unarmed
rCold   . . .        (no shield)
rNeg    . . .        a - +0 animal skin
rPois   .            (helmet currently unavailable)
rElec   .            (cloak currently unavailable)
rCorr   +            (gloves unavailable)
SInv    .            (boots unavailable)
Will    .....        (no amulet)
Stlth   +            h - ring of resist corrosion
HPRegen 1.12/turn    (no ring)
MPRegen 0.10/turn

%: no passive effects
@: beast-form
A: beast (slay +2), large, unfitting armour, claws 3, regeneration 1, shaggy fur
1, tough skin 1
a: Begin Untransformation


You were on level 6 of the Dungeon.
You were a hulking beast.
You visited 1 branch of the dungeon, and saw 6 of its levels.

You collected 318 gold pieces.

Inventory:

Missiles
 p - 5 curare-tipped darts
Armour
 a - a +0 animal skin (worn)
 r - a scarf of invisibility
Jewellery
 h - a ring of resist corrosion (left claw)
 u - a ring of magical power
Talismans
 c - a beast talisman
 d - a flux talisman
Scrolls
 e - a scroll of revelation {unknown}
 f - a scroll of poison {unknown}
 g - 3 scrolls of teleportation {unknown}
 j - a scroll of immolation {unknown}
 k - a scroll of vulnerability {unknown}
 n - a scroll of silence {unknown}
Potions
 b - 2 potions of lignification
 i - 2 potions of attraction
 m - 2 potions of mutation
 q - a potion of brilliance
 s - a potion of curing {unknown}
 t - a potion of resistance {unknown}


   Skills:
 * Level 2.5 Fighting
 + Level 2.6 Dodging
 + Level 0.6 Stealth
 * Level 7.8 Unarmed Combat
 * Level 4.7 Shapeshifting


You had 7 spell levels left.
You didn't know any spells.
Your spell library contained the following spells:

 Spells                   Type           Power      Damage    Failure   Level
 Shock                    Conj/Air       0%         1d3       45%         1
 Static Discharge         Conj/Air       0%         3-3/arc   58%         2
 Stone Arrow              Conj/Erth      0%         3d7       83%         3
 Tukima's Dance           Hex            0%         N/A       83%         3
 Airstrike                Air            0%         2d(0-16)  99%         4
 Dimensional Bullseye     Hex/Tloc       0%         N/A       99%         4
 Iskenderun's Mystic Bla  Conj/Tloc      0%         2d3       99%         4
 Summon Lightning Spire   Summ/Air       0%         N/A       99%         4
 Orb of Destruction       Conj           0%         9d5       100%        7


Dungeon Overview and Level Annotations

Branches:
Dungeon (6/15)
 Temple: D:4-7

Altars:
Qazlal


Innate Abilities, Weirdness & Mutations

You are a hulking beast.
Your limbs bulge with bestial killing power. (Slay +2)
You are too large for most types of armour.
You have claws for hands.
Your natural rate of healing is unusually fast.
You are covered in fur. (AC +1)
You have tough skin. (AC +1)


Message History

The steam dragon is heavily wounded.
The steam dragon bites you but does no damage.
The steam dragon claws you.
You barely miss the steam dragon.
The steam dragon is heavily wounded.
The black bear bites you. The black bear barely misses you.
The black bear closely misses you. The steam dragon breathes steam at you.
The ball of steam hits you!
* * * LOW HITPOINT WARNING * * *
You feel much better.
You are engulfed in a cloud of scalding steam.
* * * LOW HITPOINT WARNING * * *
The black bear bites you but does no damage.
The black bear closely misses you.
The black bear claws you but does no damage.
The steam dragon misses you. The steam dragon claws you.
* * * LOW HITPOINT WARNING * * *
You barely miss the steam dragon.
The steam dragon is heavily wounded.
You are engulfed in a cloud of scalding steam.
The black bear barely misses you.
The black bear splashes around in the water.
The black bear claws you.
* * * LOW HITPOINT WARNING * * *
The steam dragon closely misses you. The steam dragon completely misses you.
You closely miss the steam dragon. You claw the steam dragon!
The steam dragon is almost dead.
You are engulfed in a cloud of scalding steam.
* * * LOW HITPOINT WARNING * * *
The black bear bites you but does no damage.
The black bear claws you.
* * * LOW HITPOINT WARNING * * *
The black bear claws you but does no damage.
The steam dragon misses you. The steam dragon claws you.
* * * LOW HITPOINT WARNING * * *
You claw the steam dragon!
You kill the steam dragon!
You are engulfed in a cloud of scalding steam.
You die...

#.............
##...#......
##...##...... ♣♣
............# ♣.♣♣
...........# ♣...♣♣
........### ♣♣.~.~.♣♣
.......##### ♣♣.~~.~~.♣
....#...#..# ♣♣.~~♣.♣~~.♣
..........##♣♣.~h♣...♣~~.
..##..#...#♣♣.~h♣.....♣
.#........'...~...._....
#.........#♣♣.~~♣.....♣~
#.........# ♣♣.~~♣...♣~~.
##....#.... ♣♣.~~♣.♣~~.♣
.#..#####.. ♣♣.~~.~~.♣
.#. ### ♣♣.~.~.♣♣ #
♣)..♣♣


You could see a black bear.

Vanquished Creatures
  Sigmund (D:3)
  A steam dragon (D:6)
  The ghost of AbbaRin the Conjurer, an amateur TeCj (D:3)
  A black bear (D:6)
  An ogre (D:5)
  A scorpion (D:4)
  2 jellies (D:5)
  A hound (D:5)
  A gnoll bouda (D:5)
  3 iguanas (D:5)
  An orc wizard (D:5)
  15 gnolls
  9 adders
  A white imp (D:4)
  A dart slug (D:5)
  A ribbon worm (D:2)
  7 orcs
  6 ball pythons
  7 bats
  4 endoplasms
  4 giant cockroaches
  6 goblins
  6 hobgoblins
  8 kobolds
  A quokka (D:1)
  9 frilled lizards
  7 rats
106 creatures vanquished.

Notes
Turn   | Place    | Note
-------+----------+-------------------------------------------
     0 | D:1      | gelatine the Troll Shapeshifter began the quest for the
                  | Orb.
     0 | D:1      | Reached XP level 1. HP: 18/18 MP: 0/0
   127 | D:1      | Reached XP level 2. HP: 26/26 MP: 1/1
   510 | D:1      | Reached skill level 1 in Fighting
   734 | D:2      | Reached XP level 3. HP: 31/33 MP: 2/2
   815 | D:2      | Reached XP level 4. HP: 16/41 MP: 3/3
   886 | D:2      | Reached skill level 4 in Unarmed Combat
  1216 | D:3      | Reached XP level 5. HP: 48/48 MP: 4/4
  1264 | D:3      | Noticed Sigmund
  1267 | D:3      | Killed Sigmund
  1268 | D:3      | Reached skill level 5 in Unarmed Combat
  1268 | D:3      | Reached XP level 6. HP: 47/57 MP: 5/5
  1407 | D:3      | Found a large runed translucent door.
  1407 | D:3      | Found a large runed translucent door.
  1410 | D:3      | Noticed AbbaRin's ghost (amateur TeCj)
  1536 | D:3      | Got Eqaushrim's Secrets of Injury
  1997 | D:3      | Killed AbbaRin's ghost
  1998 | D:3      | Reached skill level 6 in Unarmed Combat
  2368 | D:4      | Reached XP level 7. HP: 45/65 MP: 6/6
  2869 | D:5      | Entered Level 5 of the Dungeon
  3088 | D:5      | Reached skill level 7 in Unarmed Combat
  3681 | D:6      | Reached XP level 8. HP: 74/74 MP: 7/7
  3699 | D:6      | Found a stormy altar of Qazlal.
  3715 | D:6      | Engulfed by a cloud of steam

Illustrated notes

Levels and vault maps discovered:
D:1:      erik_arrival_triangle_small, layout_basic
D:2:      layout_rooms, minmay_pentomino_u4
D:3:      layout_loops_ring, ebering_ghost_disaster_area, uniq_sigmund
D:4:      layout_loops_ring
D:5:      layout_basic, roderic_lattice_a
D:6:      minmay_thinvault, layout_cave_pools,
          minmay_temple_entry_statues_fountains, serial_shops,
          nicolae_stop_n_shop_2, kennysheep_mini, shop, kennysheep_diamond,
          minmay_misc_feat_chi, nicolae_underground_beach, uniq_menkaure,
          uniq_jeremiah, uniq_duvessa

Skill      XL: |  1  2  3  4  5  6  7 |
---------------+----------------------+-----
Fighting       | 1 2 |  2.5
Unarmed Combat | 4 5 6 7 |  7.8
Dodging        | 2 |  2.6
Shapeshifting  | 4 |  4.7
Stealth        | |  0.6

Action                     |  1- 3 |  4- 6 |  7- 9 || total
---------------------------+-------+-------+-------++-------
  Melee: Unarmed           |    75 |   119 |    65 ||   259
         Punch             |       |     1 |     5 ||     6
  Throw: Throwing net      |       |       |     1 ||     1
    Use: Scroll            |       |       |     4 ||     4
         Potion            |       |       |     2 ||     2
   Stab: Sleeping          |     1 |     1 |       ||     2
 Armour: Animal skin       |    49 |    70 |    74 ||   193
  Dodge: Dodged            |    49 |    34 |    36 ||   119
